 Dungeon Crawl Stone Soup version 0.16-a0-2652-gd333f3b (webtiles) character file.

177 RobertPalmer the Sneak (level 5, -2/34 HPs)
             Began as an Octopode Wanderer on Nov 23, 2014.
             Slain by an orc
             ... wielding a +0 club
              (3 damage)
             ... on level 3 of the Dungeon.
             The game lasted 00:05:14 (2990 turns).

RobertPalmer the Sneak (Octopode Wanderer)          Turns: 2990, Time: 00:05:15

Health: -2/34      AC:  1    Str: 14    XL:     5   Next: 57%
Magic:  1/11       EV: 12    Int: 15    God:
Gold:   209        SH:  0    Dex:  9    Spells: 1 memorised, 9 levels left

rFire  . . .     SeeInvis .     a - +2 dagger
rCold  . . .     Clarity  .     (no shield)
rNeg   . . .     SustAb   .     (helmet restricted)
rPois  .         Gourm    .     (no amulet)
rElec  .         Spirit   .     (no ring)
rCorr  .         Warding  .     (no ring)
rMut   .         Stasis   .     (no ring)
MR     .....                    (no ring)
Stlth  ++++......               (no ring)
                                (no ring)
                                (no ring)
                                (no ring)

@: very slightly contaminated, not resistant to hostile enchantments, stealthy
A: almost no armour, amphibious, 8 rings, constrict 8, camouflage 1, gelatinous
body 1
a: no special abilities


You were on level 3 of the Dungeon.
You were hungry.

You visited 1 branch of the dungeon, and saw 3 of its levels.

You collected 209 gold pieces.


Innate Abilities, Weirdness & Mutations

You cannot wear most types of armour.
You are amphibious.
You can wear up to eight rings at the same time.
You can use your tentacles to constrict many enemies at once.
Your skin changes colour to match your surroundings (Stealth).
Your rubbery body absorbs attacks (AC +1).


   Skills:
 - Level 2.0 Fighting
 + Level 3.2 Dodging
 - Level 4.1 Stealth
 - Level 3.0 Spellcasting
   Level 2.0 Necromancy
 - Level 3.3 Earth Magic


You had 9 spell levels left.
You knew the following spells:

 Your Spells              Type           Power        Failure   Level  Hunger
z - Sandblast             Erth           ##....       6%          1    #......

Inventory:

Hand weapons
 a - a +2 dagger (weapon)
Missiles
 b - 32 stones (quivered)
 e - 16 poisoned needles
Scrolls
 h - a scroll of enchant weapon {unknown}
 i - 5 scrolls of identify
 j - a scroll of teleportation {unknown}
 k - a scroll of fear {unknown}
 l - a scroll of blinking {unknown}
 n - a scroll of fog {unknown}
 p - a scroll of remove curse {unknown}
 t - a scroll of enchant armour {unknown}
Potions
 g - a potion of cancellation {unknown}
 m - a potion of heal wounds
 q - 2 potions of haste {unknown}
 s - 2 potions of curing {unknown}
 u - a potion of mutation {unknown}
Books
 c - the Disquisition on Earth

   Spells                             Type                      Level
   *Sandblast                         Earth                        1
   Passwall                           Transmutation/Earth          3
 d - the Reference Book on Dislocation

   Spells                             Type                      Level
   Apportation                        Translocation                1
   Shroud of Golubria                 Charms/Translocation         2
Comestibles
 f - a bread ration
 o - 2 beef jerkies
 r - a slice of pizza

Dungeon Overview and Level Annotations

Branches:
Dungeon (3/15)

Altars:
Lugonu

Portals:
Abyss: D:1

#.# #.# #.#.... #.#####.#
......... .>......# #.#..##.#
#.#####.# #.#..##.##.# #.# #.#
#..........# #.#####.#
#.#>.##.##.### ........#
#............. #..##.#.#
########..)##..#..# ......#.#
#(.@o(............##
....#.#.######.####.#..#.........
..................#.#..###......#
....#.#.#.###.....#.#......##...#
........#.###.....#.##.###.# ..#
..#.#.#.....[.)...+..... ... .#
......###.###.....#.#..###>. .
......# #.# #<.####.#... ..##
......# #.# #..# #.#..# ###


You could see an orc.


Message History

The orc throws a steel tomahawk.
The steel tomahawk barely misses you.
Aiming: Sandblast
Aim: an orc, wearing a leather armour (severely wounded)
The blast of sand hits the orc.
You kill the orc!
Aiming: Sandblast
Aim: an orc, wielding a whip The blast of sand hits the orc.
The orc is moderately wounded.
Aiming: Sandblast You miscast Sandblast.
Nothing appears to happen.
The orc hits you with a whip.
* * * LOW HITPOINT WARNING * * *
Unknown command.
You don't have enough magic to cast that spell.
a - a +2 dagger (weapon)
The orc barely misses you.
You barely miss the orc. You grab the orc.
The orc is moderately wounded.
You constrict the orc. The orc hits you with a whip.
* * * LOW HITPOINT WARNING * * *
You hit the orc. You squeeze the orc.
You kill the orc!
You hit the orc.
The orc is heavily wounded.
The orc hits you with a club.
* * * LOW HITPOINT WARNING * * *
You completely miss the orc. You grab the orc.
The orc is heavily wounded.
You constrict the orc. The orc hits you with a club.
You die...

Action                   |  1- 3 |  4- 6 || total
-------------------------+-------+-------++-------
Melee: Dagger            |    61 |    75 ||   136
       Unarmed           |       |     8 ||     8
 Cast: Sandblast         |    11 |    14 ||    25
  Use: Scroll            |     2 |       ||     2
 Stab: Sleeping          |     9 |     4 ||    13
  Eat: Chunk             |     3 |     3 ||     6

Vault maps used:
D:1:      erik_arrival_cave_to_civilisation
D:2:      serial_bayou_pond_d, minmay_bat_box
D:3:      wad_lake_hut, lemuel_round_altar, minmay_misc_feat_x, uniq_iyjb

Notes
Turn   | Place    | Note
--------------------------------------------------------------
     0 | D:1      | RobertPalmer, the Octopode Wanderer, began the quest for the Orb.
     0 | D:1      | RobertPalmer set off with: a +2 dagger, a potion of heal wounds, the Disquisition on Earth, the Reference Book on Dislocation, a bread ration
     0 | D:1      | Reached XP level 1. HP: 14/14 MP: 4/4
     1 | D:1      | Identified the Disquisition on Earth
     1 | D:1      | Identified the Reference Book on Dislocation
    29 | D:1      | Reached skill level 3 in Stealth
   301 | D:1      | Reached XP level 2. HP: 17/19 MP: 6/6
   360 | D:1      | Reached skill level 4 in Stealth
   481 | D:1      | Learned a level 1 spell: Sandblast
   893 | D:1      | Found a corrupted altar of Lugonu.
   893 | D:1      | Found a one-way gate to the infinite horrors of the Abyss.
   893 | D:1      | Noticed an iron imp
   893 | D:1      | Noticed a demonic crawler
   893 | D:1      | Noticed a quasit
   893 | D:1      | Noticed an iron imp
   893 | D:1      | Noticed an iron imp
   894 | D:1      | Noticed a quasit
   894 | D:1      | Noticed a quasit
   897 | D:1      | Noticed a quasit
   899 | D:1      | Noticed an iron imp
   899 | D:1      | Noticed a demonic crawler
  1042 | D:1      | Reached skill level 1 in Earth Magic
  1105 | D:1      | Reached XP level 3. HP: 24/24 MP: 7/7
  1574 | D:2      | Reached skill level 2 in Earth Magic
  1836 | D:2      | Reached XP level 4. HP: 24/29 MP: 7/9
  1985 | D:2      | Reached skill level 3 in Earth Magic
  2582 | D:3      | Reached skill level 2 in Dodging
  2582 | D:3      | Reached XP level 5. HP: 26/34 MP: 11/11
  2941 | D:3      | Noticed Ijyb
  2957 | D:3      | Killed Ijyb
  2957 | D:3      | Reached skill level 3 in Dodging
  2989 | D:3      | HP: 1/34 [orc/club (3)]
  2990 | D:3      | Slain by an orc

Vanquished Creatures
  A hound (D:3)
  Ijyb (D:3)
  3 adders (D:2)
  A worm (D:2)
  An ooze (D:2)
  11 orcs (D:3)
  17 bats
  5 giant cockroaches
  8 hobgoblins
  6 kobolds
  2 quokkas
  A giant gecko (D:2)
  4 giant newts
  5 goblins
  7 rats
73 creatures vanquished.
